 Dungeon Crawl Stone Soup version 0.29-a0-577-gafbf2c5d25 (webtiles) character file.

Game seed: 11558216575795452635

33 DocClef the Sneak (level 3, 0/31 HPs)
             Began as a Draconian Delver on June 13, 2022.
             Slain by an orc wizard
             ... wielding a +0 dagger
              (2 damage)
             ... on level 3 of the Dungeon.
             The game lasted 00:00:54 (846 turns).

DocClef the Sneak (Draconian Delver)                 Turns: 846, Time: 00:00:54

Health: 0/31       AC:  5    Str: 14    XL:     3   Next: 12%
Magic:  3/3        EV: 12    Int: 10    God:
Gold:   54         SH:  0    Dex: 14    Spells: 2/2 levels left

rFire   . . .      SeeInvis .   a - +0 short sword
rCold   . . .      Faith    .   (no shield)
rNeg    . . .      Spirit   .   (body armour unavailable)
rPois   .          Reflect  .   (helmet restricted)
rElec   .          Harm     .   (no cloak)
rCorr   .          Rampage  .   (no gloves)
Will    .....                   (no boots)
Stlth   +++.......              (no amulet)
HPRegen 0.10/turn               (no ring)
MPRegen 0.08/turn               (no ring)

@: flying
A: AC +5, unfitting armour, cold-blooded
a: no special abilities


You were on level 3 of the Dungeon.
You visited 1 branch of the dungeon, and saw 3 of its levels.

You collected 54 gold pieces.

Inventory:

Hand Weapons
 a - a +0 short sword (weapon)
Wands
 f - a wand of digging (3)
Scrolls
 b - a scroll of fog
 c - a scroll of magic mapping
 d - 2 scrolls of fear
 h - a scroll of enchant weapon {unknown}
 i - a scroll of immolation {unknown}
Potions
 e - a potion of haste
 g - 2 potions of flight


   Skills:
 + Level 3.4 Fighting
 + Level 2.1 Short Blades
 + Level 1.8 Dodging
 + Level 5.3 Stealth


You had 2 spell levels left.
You didn't know any spells.
Your spell library was empty.

Dungeon Overview and Level Annotations

Branches:
Dungeon (5/15)
 Temple: D:4-7

Altars:
Ashenzari


Innate Abilities, Weirdness & Mutations

Your plain brown scales are hard. (AC +5)
You cannot fit into any form of body armour.
You are cold-blooded and may be slowed by cold attacks.


Message History

You hit the orc but do no damage. The orc hits you with a +0 dagger.
You hit the orc but do no damage. You hit the orc wizard.
The orc wizard is lightly wounded.
You hit the orc wizard.
Your tail-slap misses the orc wizard.
The orc wizard is heavily wounded.
The orc wizard hits you with a +0 dagger.
You hit the orc wizard but do no damage.
The orc wizard is heavily wounded.
The orc wizard hits you with a +0 dagger.
You barely miss the orc wizard.
Your tail-slap misses the orc wizard.
The orc wizard is heavily wounded.
The orc wizard misses you.
You hit the orc wizard but do no damage.
The orc wizard is heavily wounded.
The orc wizard hits you with a +0 dagger.
* * * LOW HITPOINT WARNING * * *
You barely miss the orc wizard.
The orc wizard is heavily wounded.
The orc wizard casts a spell at you. The magic dart hits you!
* * * LOW HITPOINT WARNING * * *
You hit the orc wizard but do no damage.
The orc wizard is heavily wounded.
The orc wizard hits you but does no damage.
You barely miss the orc wizard.
Your tail-slap misses the orc wizard.
The orc wizard is moderately wounded.
The orc wizard hits you with a +0 dagger.
* * * LOW HITPOINT WARNING * * *
You barely miss the orc wizard.
You punch the orc wizard, but do no damage.
The orc wizard is moderately wounded.
Unknown command.
It was a potion of flight.
You feel very buoyant.
You fly up into the air.
The orc wizard closely misses you.
You closely miss the orc wizard.
Your tail-slap misses the orc wizard.
The orc wizard is moderately wounded.
The orc wizard hits you with a +0 dagger.
You die...

..# #.# #.# .. ..# #...
### #+## #.# #.. ..#
#...# #.# ###..###(#
#..... #.# .....##.#
#......
..########....#.##.......
................@oo......
#.########....#.##w......
..# #......# #...... ###
###.#### #..... #
#####.#### #...# #
#........#### #+## #
#.###.##.##.###.# #
#.##.#.#.##.# #
#.##..###.#.###


You could see an orc wizard, a dart slug and an orc.

Vanquished Creatures
  2 adders
  3 orcs (D:3)
  An endoplasm (D:4)
  A giant cockroach (D:3)
  A hobgoblin (D:3)
  2 kobolds (D:3)
  2 frilled lizards (D:3)
  A rat (D:3)
13 creatures vanquished.

Notes
Turn   | Place    | Note
-------+----------+-------------------------------------------
     0 | D:5      | DocClef the Draconian Delver began the quest for the Orb.
     0 | D:5      | Reached XP level 1. HP: 19/19 MP: 1/1
   134 | D:5      | Noticed an ice beast
   243 | D:4      | Found a broken altar of Ashenzari.
   250 | D:4      | Reached XP level 2. HP: 24/26 MP: 2/2
   284 | D:4      | Noticed a phantom
   338 | D:3      | Reached skill level 5 in Stealth
   458 | D:3      | Found a faded altar of an unknown god.
   828 | D:3      | Reached XP level 3. HP: 28/31 MP: 3/3
   846 | D:3      | Slain by an orc wizard

Illustrated notes

Levels and vault maps discovered:
D:3:      layout_loops_corners, ebering_ecumenical_altar_box
D:4:      minmay_angry_zag, layout_gridville, nicolae_ashenzari_panopticon,
          general_overflow_altar, nemelex_dance_club_becter,
          minmay_temple_entry_fiery, st_stairs_5, uniq_eustachio
D:5:      layout_basic, bloody_makhleb, uniq_grinder

Skill      XL: |  1  2 |
---------------+-------+-----
Stealth        | 5 |  5.3
Fighting       | |  3.4
Short Blades   | |  2.1
Dodging        | |  1.8

Action                   || total
-------------------------++-------
Melee: Short sword       ||    40
       Tailslap          ||     3
       Punch             ||     1
  Use: Potion            ||     1
 Stab: Sleeping          ||     6
Armor: Skin              ||     3
Dodge: Dodged            ||    12

Table legend: (Time is in decaauts)
 A = Elapsed time spent in this place.
 B = Non-inter-level travel time spent in this place.
 C = Inter-level travel time spent in this place.
 D = Time resting spent in this place.
 E = Time spent auto-exploring this place.
 F = Levels seen in this place.
 G = Mean time per level.
                   A        B        C        D        E       F      G
               +--------+--------+--------+--------+--------+-----+--------+
         Total |    847 |    847 |      0 |      0 |    703 |   3 |  282.3 |
       Dungeon |    847 |    847 |      0 |      0 |    703 |   3 |  282.3 |
               +--------+--------+--------+--------+--------+-----+--------+

Top non-repeatable levels by time:
     D:3: 527 daAuts
     D:4: 179 daAuts
     D:5: 140 daAuts
